 Dungeon Crawl Stone Soup version 0.21.1-1-g345015fe64 (webtiles) character file.

13703 Jannitor the Protected (level 11, -33/104 HPs)
             Began as a Deep Dwarf Fighter on Apr 27, 2018.
             Was an Elder of Makhleb.
             Annihilated by a titanic slime creature (97 damage)
             ... on level 11 of the Dungeon.
             The game lasted 00:12:34 (6602 turns).

Jannitor the Protected (Deep Dwarf Fighter)         Turns: 6602, Time: 00:12:35

Health: -33/104    AC: 11    Str: 23    XL:     11   Next: 79%
Magic:  1/1        EV: 13    Int:  9    God:    Makhleb [****..]
Gold:   325        SH:  0    Dex: 12    Spells: 10/10 levels left

rFire    . . .     SeeInvis +   n - +1 battleaxe (elec)
rCold    . . .     Gourm    .   (shield currently unavailable)
rNeg     . . .     Faith    .   b - +0 scale mail
rPois    .         Spirit   .   i - +1 hat
rElec    .         Reflect  .   z - +0 cloak
rCorr    .         Harm     .   (no gloves)
MR       +....                  (no boots)
Stlth    ..........             (no amulet)
HPRegen  0.00/turn              t - ring of see invisible
MPRegen  0.07/turn              v - ring of flight

@: non-regenerating
A: damage resistance, heal wounds, sense surroundings 2, no regeneration
a: Heal Wounds, Minor Destruction, Lesser Servant of Makhleb, Major Destruction,
Renounce Religion, Evoke Flight


You were on level 11 of the Dungeon.
You worshipped Makhleb.
Makhleb was greatly pleased with you.
You were near starving.

You visited 2 branches of the dungeon, and saw 13 of its levels.
You also visited: Sewer.

You collected 376 gold pieces.
You spent 51 gold pieces at shops.

Inventory:

Hand Weapons
 a - a +0 war axe
 n - a +1 battleaxe of electrocution (weapon)
 u - a +5 war axe
Armour
 b - a +0 scale mail (worn)
 c - a +0 shield
 i - a +1 hat (worn)
 z - a +0 cloak (worn)
Jewellery
 t - a ring of see invisible (left hand)
 v - a ring of flight (right hand)
Wands
 o - a wand of clouds (7)
 r - a wand of flame (26)
 s - a wand of paralysis (18)
 B - a wand of scattershot (6)
 I - a wand of polymorph (8)
Scrolls
 e - 2 scrolls of remove curse
 g - 7 scrolls of teleportation
 h - 2 scrolls of amnesia
 j - 13 scrolls of identify
 l - a scroll of summoning {unknown}
 p - 2 scrolls of magic mapping {unknown}
 q - 2 scrolls of fear {unknown}
 w - 2 scrolls of fog
 x - 2 scrolls of holy word {unknown}
 y - 3 scrolls of enchant weapon {unknown}
 A - a scroll of blinking
 E - a scroll of torment {unknown}
 G - 3 scrolls of brand weapon {unknown}
 H - a scroll of enchant armour {unknown}
Potions
 d - a potion of might
 k - a potion of magic
 m - a potion of brilliance
 C - a potion of mutation {unknown}
 F - a potion of heal wounds
 J - 2 potions of ambrosia {unknown}
Books
 D - a book of Beasts

   Spells                             Type                      Level
   a - Summon Butterflies             Summoning                    1
   b - Call Canine Familiar           Summoning                    3
   c - Summon Ice Beast               Ice/Summoning                4
   d - Summon Mana Viper              Hexes/Summoning              5
   e - Summon Hydra                   Summoning                    7
 K - a book of Misfortune

   Spells                             Type                      Level
   a - Confusing Touch                Hexes                        1
   b - Confuse                        Hexes                        3
   c - Gell's Gravitas                Translocation                3
   d - Petrify                        Transmutation/Earth          4
   e - Metabolic Englaciation         Hexes/Ice                    5
   f - Yara's Violent Unravelling     Hexes/Transmutation          5
Comestibles
 f - 15 rations


   Skills:
 + Level 8.7 Fighting
 + Level 10.1 Axes
 + Level 10.4 Armour
 + Level 5.3 Dodging
 - Level 8.9 Shields
 + Level 8.9 Invocations


You had 10 spell levels left.
You didn't know any spells.

Dungeon Overview and Level Annotations

Branches:
Dungeon (12/15)            Temple (1/1) D:5            Lair (0/6) D:10
    Orc (0/2) D:9

Altars:
Ashenzari
Cheibriados
Dithmenos
Elyvilon
Fedhas
Hepliaklqana
Makhleb
Sif Muna
Trog
Uskayaw
Xom
Yredelemnul
Zin
The Shining One

Shops:
D:5 (   D:9 (   D:10 *

Annotations:
D:9 ImError's ghost, novice GrGl


Innate Abilities, Weirdness & Mutations

You are resistant to damage.
You can heal yourself by infusing magical energy.
You passively map the area around you.
You do not regenerate.


Message History

The kobold throws a stone.
The stone closely misses you.
You see here a stone.
Unknown command.
You hit the ogre. Lightning courses through the ogre!
You kill the ogre!
Makhleb accepts your kill.
You feel better.
You slash the titanic slime creature!
Lightning courses through the titanic slime creature!
The titanic slime creature hits you but does no damage.
Unknown command.
There is a stone staircase leading up here.
The titanic slime creature barely misses you.
You climb upwards.
There is a stone staircase leading down here.
Unknown command.
There is a stone staircase leading up here.
There is an open door here.
The titanic slime creature hits you!!!!
Ouch! That really hurt!
You die...

####################
#..@..#.............
#..J..#.............
#..########..#######
#..# ####..###..##
#..# #............
#..# #............
#..# #)...........
#..# #............
#..# #..........##


You could see a titanic slime creature.

Vanquished Creatures
  2 two-headed ogres
  The ghost of P0ring the Basher, a novice MiBe of Trog (D:10)
  Erica (D:8)
  The ghost of Oravi the Transmogrifier, a novice MfTm of Qazlal (D:8)
  An unseen horror (D:11)
  A manticore (D:12)
  2 cyclopes (D:11)
  Maurice (D:8)
  The ghost of htuhola the Chiller, a novice DrIE of Sif Muna (D:5)
  A tengu conjurer (D:11)
  A hornet (D:8)
  3 hippogriffs
  A wyvern (D:12)
  2 vampires (D:11)
  6 yaks (D:11)
  A hungry ghost (D:9)
  A steam dragon (D:11)
  Menkaure (D:7)
  2 hell hounds (D:10)
  3 orc warriors
  3 ice beasts
  2 sky beasts
  A black bear (D:9)
  7 ogres
  A necrophage (D:8)
  10 centaurs
  Blork the orc (D:6)
  3 big kobolds
  10 bullfrogs
  A gnoll sergeant (D:9)
  2 scorpions
  3 wights (D:7)
  The ghost of Ivernyr the Charmwright, a weakling DsSk (D:3)
  7 howler monkeys
  3 electric eels (D:11)
  A bullfrog zombie (D:6)
  10 crimson imps
  A quasit (D:7)
  A hound (D:10)
  2 jellies
  8 orc priests
  4 bullfrog skeletons
  10 orc wizards
  A centaur skeleton (D:11)
  3 iguanas
  10 worker ants
  A killer bee zombie (D:9)
  A hound zombie (D:9)
  3 hound skeletons
  3 gnolls (D:9)
  10 adders
  3 river rats (D:4)
  3 shadow imps
  13 oozes
  4 adder zombies
  An adder skeleton (D:5)
  11 leopard geckos
  21 orcs
  5 bats
  14 giant cockroaches
  2 goblins
  6 hobgoblins
  9 jackals
  6 quokkas
  12 ball pythons
  5 frilled lizards (Sewer)
  A jackal zombie (D:8)
  17 kobolds
  A quokka zombie (D:5)
  5 rats
296 creatures vanquished.

Vanquished Creatures (others)
  An orc wizard (D:11)
1 creature vanquished.

Grand Total: 297 creatures vanquished

Notes
Turn   | Place    | Note
-------+----------+-------------------------------------------
     0 | D:1      | Jannitor the Deep Dwarf Fighter began the quest for the Orb.
     0 | D:1      | Reached XP level 1. HP: 20/20 MP: 1/1
   243 | D:1      | Reached XP level 2. HP: 24/27 MP: 2/2
   466 | D:1      | Reached XP level 3. HP: 25/34 MP: 3/3
   621 | D:3      | Noticed Ivernyr's ghost (weakling DsSk)
   639 | D:3      | Killed Ivernyr's ghost
   639 | D:3      | Reached XP level 4. HP: 41/42 MP: 4/4
   925 | D:4      | Found a hide-covered altar of Uskayaw.
   925 | D:4      | Noticed a hand axe
   925 | D:4      | Noticed a hand axe
   938 | D:4      | Found a glowing drain.
   951 | D:4      | Reached XP level 5. HP: 44/49 MP: 5/5
   958 | Sewer    | Entered a sewer
  1281 | D:4      | Noticed an ogre
  1296 | D:4      | Killed an ogre
  1296 | D:4      | Reached XP level 6. HP: 39/57 MP: 4/4
  1314 | D:4      | Found a blossoming altar of Fedhas.
  1331 | D:4      | Found a basalt altar of Yredelemnul.
  1584 | D:4      | Reached skill level 5 in Armour
  1584 | D:4      | Reached skill level 5 in Shields
  1851 | D:4      | Reached XP level 7. HP: 55/66 MP: 5/5
  1958 | D:5      | Entered Level 5 of the Dungeon
  1971 | D:5      | Found a bloodstained altar of Trog.
  2012 | D:5      | Found Plog's Weapon Emporium.
  2162 | D:5      | Noticed htuhola's ghost (novice DrIE)
  2219 | D:5      | Killed htuhola's ghost
  2219 | D:5      | Reached skill level 5 in Fighting
  2219 | D:5      | Reached skill level 5 in Axes
  2436 | D:5      | Found a staircase to the Ecumenical Temple.
  2493 | Temple   | Entered the Ecumenical Temple
  2545 | Temple   | Became a worshipper of Makhleb the Destroyer
  2602 | D:5      | Reached XP level 8. HP: 62/74 MP: 6/6
  2776 | D:6      | Noticed Blork the orc
  2785 | D:6      | Killed Blork the orc
  2826 | D:7      | Noticed Menkaure
  2839 | D:7      | Killed Menkaure
  2859 | D:7      | Reached * piety under Makhleb
  3575 | D:8      | Found a hazy altar of Hepliaklqana.
  3607 | D:8      | Gained mutation: You passively map the area around you. [Deep Dwarf growth]
  3607 | D:8      | Reached XP level 9. HP: 57/82 MP: 5/5
  3636 | D:9      | Reached skill level 1 in Invocations
  3644 | D:9      | Found a shattered altar of Ashenzari.
  3684 | D:9      | Noticed a two-headed ogre
  3690 | D:9      | Noticed ImError's ghost (novice GrGl)
  3710 | D:9      | Killed a two-headed ogre
  3752 | D:8      | Noticed Maurice
  3772 | D:8      | Killed Maurice
  3789 | D:9      | Reached ** piety under Makhleb
  3806 | D:9      | Reached XP level 10. HP: 53/92 MP: 3/3
  3907 | D:8      | Found a shadowy altar of Dithmenos.
  3950 | D:8      | Noticed Oravi's ghost (novice MfTm)
  3978 | D:8      | Noticed Erica
  3985 | D:8      | Killed Erica
  3985 | D:8      | Reached skill level 5 in Invocations
  3986 | D:8      | Killed Oravi's ghost
  4482 | D:8      | Paralysed by a hornet for 2 turns
  4485 | D:8      | Paralysed by a hornet for 1 turns
  4487 | D:8      | Paralysed by a hornet for 3 turns
  4495 | D:8      | Reached skill level 1 in Dodging
  4640 | D:9      | Found Teitum's Weapon Boutique.
  4648 | D:9      | Found a staircase to the Orcish Mines.
  4964 | D:9      | Noticed a two-headed ogre
  5055 | D:10     | Entered Level 10 of the Dungeon
  5063 | D:10     | Noticed P0ring's ghost (novice MiBe)
  5120 | D:10     | Killed P0ring's ghost
  5161 | D:10     | Found Jyosk's General Store.
  5164 | D:10     | Bought a scroll of teleportation for 51 gold pieces
  5180 | D:10     | Reached *** piety under Makhleb
  5314 | D:10     | Reached XP level 11. HP: 71/103 MP: 3/3
  5331 | D:10     | Found a staircase to the Lair.
  5741 | D:11     | Noticed a two-headed ogre
  5751 | D:11     | Killed a two-headed ogre
  5855 | D:11     | Reached **** piety under Makhleb
  5996 | D:11     | Reached skill level 10 in Armour
  6107 | D:11     | Noticed an unseen horror
  6111 | D:11     | Killed an unseen horror
  6183 | D:11     | Reached skill level 5 in Dodging
  6327 | D:11     | Reached skill level 10 in Axes
  6602 | D:11     | Annihilated by a titanic slime creature

Skill      XL: |  1  2  3  4  5  6  7  8  9 10 11 |
---------------+----------------------------------+-----
Fighting       | 3 4 5 6 7 8 |  8.7
Axes           | 3 4 5 6 8 9 10 | 10.1
Armour         | 4 5 6 7 8 9 10 | 10.4
Shields        | 4 5 6 7 8 |  8.9
Invocations    | 4 7 8 |  8.9
Dodging        | 3 5 |  5.3

Action                   |  1- 3 |  4- 6 |  7- 9 | 10-12 || total
-------------------------+-------+-------+-------+-------++-------
Melee: War axe           |    80 |   269 |   319 |    94 ||   762
       Battleaxe         |       |       |       |   285 ||   285
 Abil: Heal Wounds       |     2 |     5 |    27 |    29 ||    63
Evoke: Wand              |       |       |       |     1 ||     1
  Use: Scroll            |       |     8 |       |     1 ||     9
       Potion            |       |       |     1 |     6 ||     7
  Eat: Chunk             |       |     4 |     3 |     7 ||    14
       Ration            |       |       |     1 |     1 ||     2
Armor: Scale mail        |    34 |   166 |   136 |   234 ||   570
Dodge: Dodged            |    22 |    93 |   119 |   301 ||   535
Block: Shield            |    51 |   149 |   212 |    43 ||   455
